 Dungeon Crawl Stone Soup version 0.27-a0-637-g3a9f0a9c12 (webtiles) character file.

Game seed: 8489644728254408833

185 pkoi the Chopper (level 5, -4/42 HPs)
             Began as a Minotaur Gladiator on Mar 14, 2021.
             Slain by Grinder (5 damage)
             ... on level 3 of the Dungeon.
             The game lasted 00:02:41 (2702 turns).

pkoi the Chopper (Minotaur Gladiator)               Turns: 2702, Time: 00:02:41

Health: -4/42      AC:  4    Str: 18 (19) XL:     5   Next: 37%
Magic:  4/4        EV: 12    Int:  3 (5)  God:
Gold:   122        SH:  0    Dex: 15 (16) Spells: 4/4 levels left

rFire    + . .     SeeInvis .   a - +0 war axe
rCold    + . .     Faith    .   (no shield)
rNeg     . . .     Spirit   .   b - +0 leather armour
rPois    .         Reflect  .   c - +0 hat
rElec    .         Harm     .   s - scarf {rC+ rF+}
rCorr    .         Rampage  .   (no gloves)
Will     .....                  (no boots)
Stlth    +.........             (no amulet)
HPRegen  0.14/turn              (no ring)
MPRegen  0.09/turn              (no ring)

@: no status effects
A: horns 2, retaliatory headbutt, agile 2, shaggy fur 1, wild magic 1
a: no special abilities


You were on level 3 of the Dungeon.
You visited 1 branch of the dungeon, and saw 3 of its levels.

You collected 122 gold pieces.

Inventory:

Hand Weapons
 a - a +0 war axe (weapon)
Missiles
 d - 3 throwing nets (quivered)
 i - 12 poisoned darts
Armour
 b - a +0 leather armour (worn)
 c - a +0 hat (worn)
 s - a scarf of resistance (worn)
Scrolls
 e - 2 scrolls of teleportation {unknown}
 h - 5 scrolls of identify {unknown}
 j - 2 scrolls of noise {unknown}
 k - a scroll of blinking {unknown}
 m - a scroll of fog {unknown}
 n - 2 scrolls of enchant armour {unknown}
 o - a scroll of amnesia {unknown}
 p - a scroll of fear {unknown}
 r - a scroll of immolation {unknown}
Potions
 f - a potion of lignification
 g - a potion of mutation
 l - a potion of attraction {unknown}
 q - a potion of curing
 t - 2 potions of berserk rage {unknown}


   Skills:
 - Level 2.4 Fighting
 + Level 7.4 Axes
 - Level 2.0 Throwing
 - Level 3.2 Dodging


You had 4 spell levels left.
You didn't know any spells.
Your spell library was empty.

Dungeon Overview and Level Annotations

Branches:
Dungeon (3/15)

Altars:
Ru

Annotations:
D:3 Grinder


Innate Abilities, Weirdness & Mutations

You have a pair of horns on your head.
You reflexively headbutt those who attack you in melee.
You are very agile. (Dex +4)
You are covered in fur. (AC +1)
Your spells are a little harder to cast, but a little more powerful.


Message History

No target in view!
Grinder is nearby!
Grinder is nearby!
Grinder is nearby!
Grinder is nearby!
Grinder shouts!
Grinder says, "Mostly I couldn't keep them alive."
You hit Grinder. You headbutt Grinder.
Grinder is lightly wounded.
Grinder misses you.
You slash Grinder! You headbutt Grinder.
Grinder is heavily wounded.
Grinder hits you.
You writhe in agony.
You slash Grinder! You headbutt Grinder, but do no damage.
Grinder is severely wounded.
Grinder hits you!
You writhe in agony.
You are too injured to fight recklessly!
You are too injured to fight recklessly!
You are too injured to fight recklessly!
You are too injured to fight recklessly!
You are too injured to fight recklessly!
You are too injured to fight recklessly!
You are too injured to fight recklessly!
You are too injured to fight recklessly!
You closely miss Grinder.
Grinder is severely wounded.
Grinder hits you.
You hit Grinder but do no damage.
Grinder is severely wounded.
Grinder hits you!
* * * LOW HITPOINT WARNING * * *
You writhe in agony.
* * * LOW HITPOINT WARNING * * *
Unknown command.
You closely miss Grinder. You headbutt Grinder, but do no damage.
Grinder is severely wounded.
Grinder hits you!
* * * LOW HITPOINT WARNING * * *
You writhe in agony.
You die...

.# .# #..........# ..
#..........#
...........# ..
...........# #.
...........# .
#........# .#
.#........###.#
......5@......#
#.........††###
#...........#
#...........#
#.######...........#
#.....###.......[#.#
#####.# ##..)...##.#
####.## ####..###.#
####.....######.###>.#


You could see Grinder.

Vanquished Creatures
  Terence (D:3)
  A worker ant zombie (D:2)
  5 adders
  An ooze (D:3)
  An adder zombie (D:3)
  3 worms
  4 dart slugs
  2 leopard geckos
  An orc (D:3)
  12 bats
  7 giant cockroaches
  12 goblins
  9 hobgoblins
  3 jackals (D:3)
  4 kobolds
  A quokka (D:2)
  5 frilled lizards
  6 rats
78 creatures vanquished.

Notes
Turn   | Place    | Note
-------+----------+-------------------------------------------
     0 | D:1      | pkoi the Minotaur Gladiator began the quest for the Orb.
     0 | D:1      | Reached XP level 1. HP: 18/18 MP: 0/0
   173 | D:1      | Reached skill level 4 in Axes
   413 | D:1      | Reached XP level 2. HP: 25/25 MP: 1/1
  1032 | D:2      | Reached skill level 5 in Axes
  1257 | D:2      | Reached XP level 3. HP: 29/30 MP: 2/2
  1600 | D:2      | Reached XP level 4. HP: 14/37 MP: 3/3
  1844 | D:2      | Reached skill level 6 in Axes
  2117 | D:3      | Noticed Terence
  2117 | D:3      | Noticed Grinder
  2118 | D:3      | Paralysed by Grinder for 3 turns
  2285 | D:3      | Gained mutation: Your spells are a little harder to cast,
                  | but a little more powerful. [potion of mutation]
  2285 | D:3      | Gained mutation: You are covered in fur. (AC +1) [potion of
                  | mutation]
  2285 | D:3      | Gained mutation: You are agile. (Dex +2) [potion of
                  | mutation]
  2285 | D:3      | Gained mutation: You are very agile. (Dex +4) [potion of
                  | mutation]
  2295 | D:3      | Killed Terence
  2410 | D:3      | Reached XP level 5. HP: 40/42 MP: 4/4
  2443 | D:3      | Reached skill level 7 in Axes
  2625 | D:3      | Found a sacrificial altar of Ru.
  2702 | D:3      | HP: 1/42 [Grinder (8)]
  2702 | D:3      | Slain by Grinder

Illustrated notes

Levels and vault maps discovered:
D:1:      minmay_arrival_stone_box, layout_basic, minmay_pentomino_z4
D:2:      layout_basic, minmay_goblin_kobold_house
D:3:      layout_rooms, nicolae_overflow_crystal_walls, lemuel_round_altar,
          chequers_serial_rivers_room_a, minmay_increasing_density,
          uniq_terence, uniq_grinder

Skill      XL: |  1  2  3  4  5 |
---------------+----------------+-----
Axes           | 4 5 6 7 |  7.4
Fighting       | |  2.4
Throwing       | |  2.0
Dodging        | |  3.2

Action                   |  1- 3 |  4- 6 || total
-------------------------+-------+-------++-------
Melee: War axe           |    48 |    85 ||   133
       Headbutt          |     8 |    11 ||    19
  Use: Potion            |       |     5 ||     5
 Stab: Sleeping          |     1 |     1 ||     2
Armor: Leather armour    |     9 |    33 ||    42
       Skin              |       |     4 ||     4
Dodge: Dodged            |    33 |    52 ||    85

Table legend: (Time is in decaauts)
 A = Elapsed time spent in this place.
 B = Non-inter-level travel time spent in this place.
 C = Inter-level travel time spent in this place.
 D = Time resting spent in this place.
 E = Time spent auto-exploring this place.
 F = Levels seen in this place.
 G = Mean time per level.
                   A        B        C        D        E       F      G
               +--------+--------+--------+--------+--------+-----+--------+
         Total |   2728 |   2651 |     77 |    346 |   1845 |   3 |  909.3 |
       Dungeon |   2728 |   2651 |     77 |    346 |   1845 |   3 |  909.3 |
               +--------+--------+--------+--------+--------+-----+--------+

Top non-repeatable levels by time:
     D:2: 1335 daAuts
     D:1: 824 daAuts
     D:3: 567 daAuts
